 Dungeon Crawl Stone Soup version 0.24.0-123-gd5b16e6ec5 (webtiles) character file.

Game seed: 7019604411907455774, levelgen mode: deterministic

228 glosham the Cudgeler (level 5, -1/41 HPs)
             Began as a Mummy Abyssal Knight on Jan 6, 2020.
             Was a Believer of Lugonu.
             Slain by Grinder (3 damage)
             ... while paralysed by Grinder
             ... on level 3 of the Dungeon.
             The game lasted 00:25:46 (1533 turns).

glosham the Cudgeler (Mummy Abyssal Knight)         Turns: 1533, Time: 00:25:47

Health: -1/41      AC:  8    Str: 20    XL:     5   Next: 71%
Magic:  6/6        EV:  2    Int: 12    God:    Lugonu [**....]
Gold:   125        SH:  0    Dex: 11    Spells: 4/4 levels left

rFire    x . .     SeeInvis .   a - +3 mace (drain)
rCold    + . .     Gourm    .   (no shield)
rNeg     + + +     Faith    .   X - +0 chain mail
rPois    ∞         Spirit   .   (no helmet)
rElec    .         Reflect  .   (no cloak)
rCorr    +         Harm     .   (no gloves)
MR       .....                  (no boots)
Stlth    ..........             (no amulet)
HPRegen  0.13/turn              A - +4 ring of strength
MPRegen  0.10/turn              S - ring of resist corrosion

@: paralysed
A: no food or potions, fire vulnerability, cold resistance 1, negative energy
resistance 3, torment resistance, unbreathing
a: Depart the Abyss, Bend Space, Renounce Religion


You were on level 3 of the Dungeon.
You worshipped Lugonu.
Lugonu was pleased with you.
You were not hungry.

You visited 1 branch of the dungeon, and saw 3 of its levels.
You visited the Abyss 1 time.

You collected 125 gold pieces.

Inventory:

Hand Weapons
 a - a +3 mace of draining (weapon)
 b - a +0 great mace
 c - a +0 hand crossbow
 d - a +1 hand axe
 e - a +1 scythe of venom
 f - a +0 hunting sling
 h - a +0 hunting sling
 p - a +1 hand axe of draining
Missiles
 g - 128 stones (quivered)
 i - 5 silver boomerangs
 k - 32 bolts
 r - 18 arrows
Armour
 X - a +0 chain mail (worn)
Jewellery
 A - a +4 ring of strength (left hand)
 S - a ring of resist corrosion (right hand)
Scrolls
 j - 2 scrolls of enchant armour
 l - a scroll of magic mapping
 n - 2 scrolls of fear


   Skills:
 - Level 3.0 Fighting
 - Level 2.1(3.5) Axes
 * Level 4.4(4.6) Maces & Flails
 - Level 1.5 Armour
 - Level 0.7 Dodging
 - Level 1.5 Invocations


You had 4 spell levels left.
You didn't know any spells.
Your spell library was empty.

Dungeon Overview and Level Annotations

Branches:
Dungeon (3/15)

Altars:
Uskayaw
Zin

Shops:
D:3 *

Annotations:
D:3 Grinder


Innate Abilities, Weirdness & Mutations

You do not eat or drink.
Your flesh is vulnerable to fire.
You are immune to poison.
Your flesh is cold resistant. (rC+)
You are immune to negative energy. (rN+++)
You are immune to unholy pain and torment.
You can survive without breathing.


Message History

Grinder is too close now for your liking.
You hit Grinder.
Grinder is lightly wounded.
Grinder blinks!
Grinder barely misses you.
Your chain mail prevents you from hitting Grinder.
Grinder is lightly wounded.
Grinder zaps a wand.
You resist with some effort.
Grinder blinks!
You hit Grinder.
Grinder is moderately wounded.
Grinder says, "Tell me all your secrets, or I'll kill you."
Grinder zaps a wand.
You resist with some effort.
You hit Grinder but do no damage.
Grinder is moderately wounded.
Grinder zaps a wand.
You resist with some effort.
Your chain mail prevents you from hitting Grinder.
Grinder is moderately wounded.
Grinder hits you!
You hit Grinder.
Grinder is moderately wounded.
Grinder hits you.
Your chain mail prevents you from hitting Grinder.
Grinder is moderately wounded.
Grinder zaps a wand.
You resist with some effort.
Grinder zaps a wand.
You resist with some effort.
The now-empty wand crumbles to dust.
You sock Grinder!
Grinder is heavily wounded.
Grinder barely misses you.
Your chain mail prevents you from hitting Grinder.
Grinder is heavily wounded.
Grinder gestures at you.
You suddenly lose the ability to move!
Grinder hits you but does no damage.
Grinder says, "Tell me all your secrets, or I'll kill you."
Grinder hits you!
* * * LOW HITPOINT WARNING * * *
Grinder hits you!
* * * LOW HITPOINT WARNING * * *
Grinder hits you.
You die...

##......<##
##.....## ##...##
. ##'## ### .# #.#
#..#...
.######.###.....#
#..............###
#.####5..#..∩.._⌠#
#.@........###
#....#......#
......#..#........
......#..###.#....
.....%##....
.##### .....#
#.###### ##### #.#
#.# ...


You could see Grinder.

Vanquished Creatures
  Sigmund (D:2)
  Terence (D:2)
  An adder (D:2)
  A worm (D:2)
  A ball python (D:1)
  A giant cockroach (D:2)
  5 goblins (D:1)
  8 hobgoblins
  5 jackals
  4 bats
  2 frilled lizards
  9 kobolds
  4 rats
43 creatures vanquished.

Notes
Turn   | Place    | Note
-------+----------+-------------------------------------------
     0 | Abyss:1  | glosham the Mummy Abyssal Knight began the quest for the
                  | Orb.
     0 | Abyss:1  | Reached XP level 1. HP: 18/18 MP: 2/2
    72 | Abyss:2  | Noticed a quasit
   103 | Abyss:2  | Noticed a worldbinder
   108 | Abyss:2  | Noticed a deep elf archer
   108 | Abyss:2  | Noticed a deep elf archer
   112 | D:1      | Escaped the Abyss
   215 | D:1      | Reached skill level 2 in Axes
   259 | D:1      | Reached * piety under Lugonu
   259 | D:1      | Reached XP level 2. HP: 22/24 MP: 3/3
   370 | D:1      | Reached skill level 1 in Maces & Flails
   729 | D:1      | Reached XP level 3. HP: 29/29 MP: 4/4
   912 | D:2      | Noticed Terence
   920 | D:2      | Killed Terence
   920 | D:2      | Reached skill level 2 in Maces & Flails
   955 | D:2      | Reached XP level 4. HP: 35/35 MP: 5/5
   975 | D:2      | Reached ** piety under Lugonu
  1008 | D:2      | Noticed Sigmund
  1017 | D:2      | Killed Sigmund
  1017 | D:2      | Reached skill level 4 in Maces & Flails
  1017 | D:2      | Reached XP level 5. HP: 34/41 MP: 6/6
  1115 | D:2      | Found a hide-covered altar of Uskayaw.
  1502 | D:3      | Found Zin's Purification Station.
  1503 | D:3      | Found a glowing silver altar of Zin.
  1504 | D:3      | Noticed Grinder
  1529 | D:3      | Paralysed by Grinder for 7 turns
  1532 | D:3      | HP: 2/41 [Grinder (7)]
  1533 | D:3      | Slain by Grinder

Levels and vault maps discovered:
D:1:      nzn_arrival_crosshair, layout_basic
D:2:      wad_pebble_path, layout_basic, eat_drink_and_be_merry_uskayaw,
          corexii_shack, uniq_sigmund, uniq_terence
D:3:      layout_loops_corners, zin_purify, lemuel_round_altar,
          chequers_ecumenical_altar_simple_redux, kennysheep_okawaru_gauntlet,
          uniq_grinder, uniq_jessica, uniq_natasha

Skill      XL: |  1  2  3  4 |
---------------+-------------+-----
Axes           | 2 |  2.1
Maces & Flails | 1 2 4 |  4.4
Fighting       | |  3.0
Armour         | |  1.5
Dodging        | |  0.7
Invocations    | |  1.5

Action                   |  1- 3 |  4- 6 || total
-------------------------+-------+-------++-------
Melee: Great mace        |    19 |       ||    19
       Hand axe          |     6 |       ||     6
       Mace              |    75 |    26 ||   101
       Scythe            |     3 |       ||     3
Invok: Depart the Abyss  |     1 |       ||     1
  Use: Scroll            |     3 |     4 ||     7
Armor: Chain mail        |    81 |     5 ||    86
Dodge: Dodged            |    39 |    11 ||    50

Table legend:
 A = Turns spent in this place as a percentage of turns spent in the entire game.
 B = Non-inter-level travel turns spent in this place as a percentage of non-inter-level travel turns spent in the entire game.
 C = Inter-level travel turns spent in this place as a percentage of turns spent in this place.
 D = Turns resting spent in this place as a percentage of non-inter-level travel turns spent in this place.
 E = Turns spent auto-exploring this place as a percentage of non-inter-level travel turns spent in this place.
 F = Non-inter-level travel turns spent in this place divided by the number of levels of this place that you've seen.
                   A       B       C       D       E      F
               +-------+-------+-------+-------+-------+----------------------
         Total | 100.0 | 100.0 |   8.7 |   0.3 |  10.4 | 279.8
       Dungeon |  92.7 |  92.0 |   9.4 |   0.3 |  11.3 | 429.0
         Abyss |   7.3 |   8.0 |   0.0 |   0.0 |   0.0 |  56.0
               +-------+-------+-------+-------+-------+----------------------

Table legend:
 A = Kills in this place as a percentage of kills in entire the game.
 B = Kills by you in this place as a percentage of kills by you in the entire game.
 C = Kills by friends in this place as a percentage of kills by friends in the entire game.
 D = Other kills in this place as a percentage of other kills in the entire game.
 E = Experience gained in this place as a percentage of experience gained in the entire game.
 F = Experience gained in this place divided by the number of levels of this place that you have seen.
                   A       B       C       D       E      F
               +-------+-------+-------+-------+-------+----------------------
         Total | 100.0 | 100.0 |   N/A |   N/A | 100.0 |  65.4
       Dungeon | 100.0 | 100.0 |   N/A |   N/A | 100.0 | 109.0
               +-------+-------+-------+-------+-------+----------------------

Levels and vault maps discovered:
D:1:      nzn_arrival_crosshair, layout_basic
D:2:      wad_pebble_path, layout_basic, eat_drink_and_be_merry_uskayaw,
          corexii_shack, uniq_sigmund, uniq_terence
D:3:      layout_loops_corners, zin_purify, lemuel_round_altar,
          chequers_ecumenical_altar_simple_redux, kennysheep_okawaru_gauntlet,
          uniq_grinder, uniq_jessica, uniq_natasha
